 Dungeon Crawl Stone Soup version 0.30-a0-1008-g30c9307041 (webtiles) character file.

Game seed: 15100459830179187818

77 Pimp the Shooter (level 4, -2/35 HPs)
             Began as a Barachi Hunter on Apr 5, 2023.
             Slain by Terence
             ... wielding a +0 morningstar
              (9 damage)
             ... on level 3 of the Dungeon.
             The game lasted 00:07:35 (1515 turns).

Pimp the Shooter (Barachi Hunter)                   Turns: 1515, Time: 00:07:35

Health: -2/35      AC:  3    Str: 11 (13) XL:     4   Next: 34%
Magic:  6/6        EV: 12    Int:  9 (11) God:
Gold:   71         SH:  0    Dex: 12 (15) Spells: 5/5 levels left

rFire   . . .      SeeInvis .    h - +3 mace
rCold   . . .      Faith    .    (no shield)
rNeg    . . .      Spirit   .    c - +0 leather armour
rPois   .          Reflect  .    (no helmet)
rElec   .          Rampage  .    (no cloak)
rCorr   .                        (no gloves)
Will    .....                    (no boots)
Stlth   +                        (no amulet)
HPRegen 0.25/turn                (no ring)
MPRegen 0.10/turn                (no ring)

@: slow
A: amphibious, slowness 1, strong legs 1, +LOS
a: Hop


You were on level 3 of the Dungeon.
You visited 1 branch of the dungeon, and saw 3 of its levels.

You collected 71 gold pieces.

Inventory:

Hand Weapons
 a - a +1 shortbow
 h - a +3 mace (weapon)
Armour
 c - a +0 leather armour (worn)
Scrolls
 b - a scroll of immolation
 d - a scroll of poison {unknown}
 e - a scroll of enchant armour {unknown}
 g - 2 scrolls of fear {unknown}
 i - 3 scrolls of identify {unknown}
 j - a scroll of teleportation {unknown}
 k - a scroll of silence {unknown}
 l - a scroll of noise {unknown}
Potions
 f - a potion of ambrosia
 m - a potion of haste {unknown}


   Skills:
 + Level 3.2 Fighting
 + Level 4.3 Ranged Weapons
 + Level 1.6 Armour
 + Level 3.0 Dodging
 - Level 1.0 Stealth
 + Level 1.3 Spellcasting


You had 5 spell levels left.
You didn't know any spells.
Your spell library contained the following spells:

 Spells                   Type           Power      Damage    Failure   Level
 Magic Dart               Conj           0%         1d3       43%         1
 Searing Ray              Conj           0%         2d4       56%         2
 Ignite Poison            Fire/Tmut/Pois 0%         N/A       80%         3
 Fulminant Prism          Conj/Hex       0%         3d5       99%         4
 Plasma Beam              Fire/Air       0%         2x1d11    100%        6


Dungeon Overview and Level Annotations

Branches:
Dungeon (3/15)

Altars:
Nemelex Xobeh

Annotations:
D:3 Terence


Innate Abilities, Weirdness & Mutations

You are amphibious.
You cover ground slowly.
You can hop short distances.
You have an extended range of vision and can be seen from far away.


Message History

Terence barely misses you.
You closely miss Terence.
Terence is severely wounded.
Terence barely misses you.
Terence says, "Don't bother to defend, it's useless."
Terence hits you with a +0 morningstar.
You hit Terence but do no damage.
Terence is severely wounded.
Terence barely misses you.
You closely miss Terence.
Terence is severely wounded.
Terence completely misses you. Terence says, "How do you enjoy it?"
Terence closely misses you.
You hit Terence but do no damage.
Terence is severely wounded.
Terence hits you with a +0 morningstar.
You hit Terence but do no damage.
Terence is severely wounded.
Terence hits you with a +0 morningstar!
You hit Terence but do no damage.
Terence is severely wounded.
Terence hits you with a +0 morningstar!
* * * LOW HITPOINT WARNING * * *
Terence barely misses you.
Okay, then.
It was a potion of ambrosia.
You are confused.
You feel invigorated. Terence hits you with a +0 morningstar!
* * * LOW HITPOINT WARNING * * *
You hit Terence.
Terence is almost dead.
Terence hits you with a +0 morningstar.
* * * LOW HITPOINT WARNING * * *
Found 14 gold pieces.
You feel less invigorated.
You feel less confused.
You hit Terence.
Terence is almost dead.
Terence hits you with a +0 morningstar!
You die...

#.#.# ####### #.†.#
###########..#######
[...[................
.##########..#.####..
$.########..##..###.
#...................
#........†.####.####
........@@..###...#
.#......>......##.
#...#.#....##..##
#...)......##....#
#...#.#...###.##.#
..........# #.# ..#
#........... ..# ...
#..........##### ##.
#.?.######## .


You could see Terence.

Vanquished Creatures
  An adder (D:2)
  3 worms
  2 dart slugs
  7 ball pythons
  5 bats
  4 endoplasms
  A giant cockroach (D:2)
  11 goblins
  5 hobgoblins
  4 jackals (D:1)
  A quokka (D:3)
  5 kobolds
  3 rats
52 creatures vanquished.

Notes
Turn   | Place    | Note
-------+----------+-------------------------------------------
     0 | D:1      | Pimp the Barachi Hunter began the quest for the Orb.
     0 | D:1      | Reached XP level 1. HP: 17/17 MP: 1/1
    27 | D:1      | Reached skill level 1 in Stealth
   134 | D:1      | Reached XP level 2. HP: 23/23 MP: 2/2
   431 | D:1      | Reached skill level 1 in Armour
   431 | D:1      | Reached XP level 3. HP: 28/28 MP: 2/4
   446 | D:1      | Found a faded altar of an unknown god.
   873 | D:2      | Reached skill level 1 in Spellcasting
   902 | D:2      | Reached XP level 4. HP: 28/35 MP: 5/5
  1086 | D:2      | Got Sif Muna's Vademecum on Kindling
  1423 | D:3      | Found a sparkling altar of Nemelex Xobeh.
  1491 | D:3      | Noticed Terence
  1515 | D:3      | Slain by Terence

Illustrated notes

Levels and vault maps discovered:
D:1:      minmay_arrival_hallway, layout_basic, chequers_ecumenical_altar_simple
D:2:      layout_rooms, minmay_heptomino_o4
D:3:      layout_rooms, nemelex_diamond_rough_becter, st_stairs_2, uniq_terence

Skill      XL: |  1  2  3  4 |
---------------+-------------+-----
Stealth        | 1 |  1.0
Armour         | 1 |  1.6
Fighting       | 3 |  3.2
Spellcasting   | 1 |  1.3
Dodging        | 3 |  3.0
Ranged Weapons | |  4.3

Action                     |  1- 3 |  4- 6 || total
---------------------------+-------+-------++-------
  Melee: Mace              |       |    10 ||    10
   Fire: Shortbow          |    76 |    47 ||   123
    Use: Potion            |     2 |     1 ||     3
         Scroll            |     1 |       ||     1
 Armour: Leather armour    |    25 |     2 ||    27
  Dodge: Dodged            |    39 |    13 ||    52

Table legend: (Time is in decaauts)
 A = Elapsed time spent in this place.
 B = Non-inter-level travel time spent in this place.
 C = Inter-level travel time spent in this place.
 D = Time resting spent in this place.
 E = Time spent auto-exploring this place.
 F = Levels seen in this place.
 G = Mean time per level.
                   A        B        C        D        E       F      G
               +--------+--------+--------+--------+--------+-----+--------+
         Total |   1813 |   1727 |     86 |     24 |   1362 |   3 |  604.3 |
       Dungeon |   1813 |   1727 |     86 |     24 |   1362 |   3 |  604.3 |
               +--------+--------+--------+--------+--------+-----+--------+

Top non-repeatable levels by time:
     D:1: 992 daAuts
     D:2: 571 daAuts
     D:3: 249 daAuts
